cohdb
Replays
Latest Replays
All Replays
Popular Replays
Top Player Replays
Match Explorer
How It Works
Community
CoH3 Stats
Reddit
Sign in to upload your games and track your stats! →
Sign in with Steam
Match 38740279
Unlisted
Match 38740279
Overview
Messages
Build Orders
End
Kettenkrad Recon Vehicle
Construct Infanterie Kompanie
Selects Luftwaffe Battlegroup
Selects Luftwaffe Pioneer Support
MG 42 Machine Gun Team
MG 42 Machine Gun Team
Fallschirmpioneer Squad Paradrop
Medical Station
Selects Flak 38 Anti-Air Emplacement
GrW 34 Mortar Team
Construct Panzergrenadier Kompanie
计划生育委员会
XuZhongwei
0
0
Comments
sign in to comment!
No comments posted yet!